Map: Orbital Shipyard

Players

BiPolarBear - Winner!

  • Race: Protoss Protoss
  • League: Platinum

LilDicky

  • Race: Terran Terran
  • League: Diamond

VOD

http://www.twitch.tv/tumescentpie

Description

Time

  • Played on: Dec. 1, 2015, 7:24 p.m.
  • Length: 9:31
Show
View Real Time Build Order
Export as new Build Order

BiPolarBear Protoss - Winner!

Build Orders: 1 Gate Expand, Oracle Opening 

Get SALT Encoding   

  12  0:01  Probe (Chrono Boost)  
  13  0:13  Probe (Chrono Boost)  
  14  0:23  Probe (Chrono Boost), Pylon  
  15  0:42  Probe (Chrono Boost)  
  16  0:46  Gateway  
  16  0:51  Assimilator  
  16  0:52  Probe (Chrono Boost)  
  17  1:03  Probe (Chrono Boost)  
  18  1:11  Assimilator  
  18  1:13  Probe (Chrono Boost)  
  19  1:24  Probe (Chrono Boost)  
  20  1:34  Nexus  
  20  1:45  Cybernetics Core  
  20  1:48  Probe (Chrono Boost)  
  21  1:56  Pylon  
  21  2:00  Probe (Chrono Boost)  
  22  2:11  Probe (Chrono Boost)  
  23  2:21  Stargate  
  23  2:23  Warp Gate  
  23  2:26  Stalker (Chrono Boost)  
  25  2:31  Probe  
  26  2:43  Mothership Core  
  28  2:51  Assimilator  
  27  3:04  Probe  
  27  3:09  Probe, Oracle (Chrono Boost)  
  31  3:16  Probe  
  32  3:20  Probe  
  33  3:29  Probe, Twilight Council  
  33  3:30  Probe  
  35  3:36  Pylon  
  34  4:08  Oracle (Chrono Boost)  
  37  4:16  Probe  
  37  4:18  Probe  
  37  4:22  Pylon  
  39  4:25  Pylon  
  39  4:27  Probe, Pylon  
  39  4:29  Pylon  
  39  4:30  Probe  
  41  4:33  Gateway  
  41  4:37  Gateway, Probe  
  41  4:42  Probe  
  43  4:48  Probe  
  42  5:03  Oracle (Chrono Boost)  
  42  5:04  Adept  
  47  5:29  Forge  
  47  5:34  Oracle (Chrono Boost)  
  50  5:38  Stalker  
  50  5:39  Stalker x2  
  56  6:04  Probe  
  56  6:06  Probe  
  56  6:09  Stalker x3  
  61  6:15  Probe  
  61  6:18  Probe  
  61  6:26  Probe  
  61  6:28  Pylon  
  61  6:30  Probe, Pylon  
  61  6:32  Pylon  
  59  6:36  Probe  
  59  6:39  Adept x2  
  59  6:40  Adept  
  59  6:42  Probe  
  59  6:47  Probe  
  55  6:54  Probe  
  55  6:57  Probe  
  57  7:02  Stalker x3  
  57  7:06  Probe  
  64  7:09  Probe  
  64  7:15  Photon Cannon  
  65  7:18  Probe  
  65  7:21  Probe  
  63  7:31  Probe  
  63  7:33  Probe  
  63  7:36  Photon Cannon  
  65  7:38  Adept x3  
  65  7:43  Probe  
  71  7:45  Probe  
  69  7:55  Probe  
  69  7:57  Probe  
  71  8:07  Probe  
  71  8:09  Probe  
  71  8:10  Photon Cannon  
  73  8:19  Probe  
  74  8:21  Probe  
  75  8:31  Probe  
  75  8:33  Pylon  
  75  8:43  Assimilator  
  75  8:53  Photon Cannon  
  75  8:55  Photon Cannon  
  75  8:57  Stalker x2  
  79  9:16  Probe x2  
  85  9:28  Stalker  
  85  9:29  Stalker  
Show
View Real Time Build Order
Export as new Build Order

LilDicky Terran 

Build Orders:  

Get SALT Encoding   

  12  0:03  SCV  
  13  0:15  SCV  
  13  0:21  Supply Depot  
  14  0:27  SCV  
  16  0:42  SCV  
  16  0:46  Refinery  
  16  0:48  Barracks  
  16  0:54  SCV  
  17  1:07  SCV  
  18  1:19  SCV  
  19  1:32  SCV  
  20  1:37  Supply Depot  
  20  1:45  Orbital Command  
  20  1:48  Reaper  
  21  2:06  Command Center  
  21  2:10  Refinery  
  21  2:11  SCV  
  22  2:23  SCV  
  22  2:26  Factory  
  22  2:28  Marine  
  24  2:49  SCV  
  24  2:50  Marine  
  26  3:08  Marine  
  27  3:15  SCV  
  28  3:20  Orbital Command  
  28  3:21  Starport  
  28  3:23  Refinery  
  28  3:30  Widow Mine  
  30  3:48  SCV  
  30  3:50  Marine  
  23  4:07  Starport Tech Lab  
  23  4:08  Marine  
  22  4:19  Widow Mine  
  23  4:25  Banshee  
  23  4:27  Cloaking Field  
  23  4:28  SCV  
  27  4:32  SCV  
  27  4:38  Starport  
  28  4:39  Starport, Marine  
  28  4:40  SCV  
  18  5:08  SCV x2  
  20  5:15  Starport Tech Lab  
  20  5:20  SCV  
  20  5:21  SCV  
  22  5:33  SCV x2  
  22  5:35  Banshee  
  24  5:36  Banshee  
  15  6:52  SCV x2  
  10  6:54  Raven  
  10  6:57  Viking  
  14  7:04  SCV  
Tags
 
Add a new tag
Caveats
  • Supply blocks, unpowered buildings, or Contaminate may cause inaccurate times.
  • Supply counts are checked every 10 seconds.